 Dungeon Crawl Stone Soup version 0.16.2-12-gd0ad4c3 (webtiles) character file.

202 spacemonkey the Caller (level 5, -2/21 HPs)
             Began as a Felid Summoner on Oct 1, 2015.
             Was an Initiate of Kikubaaqudgha.
             Slain by a slave (8 damage)
             ... led by Pikel
             ... on level 5 of the Dungeon.
             The game lasted 00:42:38 (3040 turns).

spacemonkey the Caller (Felid Summoner)             Turns: 3040, Time: 00:42:38

Health: -2/21      AC:  1    Str:  4    XL:     5   Next: 50%
Magic:  2/16       EV: 18    Int: 20    God:    Kikubaaqudgha [......]
Gold:   119        SH:  0    Dex: 16    Spells: 4 memorised, 2 levels left
                                        Lives:  0   Deaths: 1

rFire  + . .     SeeInvis +     (weapon unavailable)
rCold  . . .     Clarity  .     (armour unavailable)
rNeg   . . .     SustAb   .     (shield unavailable)
rPois  .         Gourm    .     (helmet unavailable)
rElec  .         Spirit   .     (cloak unavailable)
rCorr  .         Warding  .     (gloves unavailable)
rMut   .         Stasis   .     (boots unavailable)
MR     .....                    p - amulet of regeneration
Stlth  +++.......               o - ring of protection from fire
                                k - +2 ring of intelligence

@: quick, not resistant to hostile enchantments, fairly stealthy
A: paw claws, no armour, no weapons or thrown items, fangs 3, see invisible,
carnivore 3, speed 1, shaggy fur 1, slow metabolism 1, sharp paws
a: Renounce Religion


You were on level 5 of the Dungeon.
You worshipped Kikubaaqudgha.
Kikubaaqudgha was noncommittal.
You were not hungry.

You visited 1 branch of the dungeon, and saw 6 of its levels.

You collected 119 gold pieces.

Inventory:

Missiles
 e - 21 stones
Jewellery
 k - a +2 ring of intelligence (left paw)
 o - a ring of protection from fire (right paw)
 p - an amulet of regeneration (around neck)
 q - a +4 ring of intelligence
Magical devices
 r - a wand of cold (2)
 s - a wand of digging (17)
Scrolls
 d - 3 scrolls of remove curse {unknown}
 f - a scroll of identify {unknown}
 i - a scroll of immolation {unknown}
 n - a scroll of teleportation {unknown}
 v - a scroll of noise {unknown}
Potions
 a - 2 potions of curing {unknown}
 h - 2 potions of agility {unknown}
 m - a potion of resistance {unknown}
 t - a potion of restore abilities {unknown}
 u - a potion of magic {unknown}
 w - a potion of berserk rage {unknown}
Books
 b - a book of Callings

   Spells                             Type                      Level
   a - Summon Small Mammal            Summoning                    1
   b - Call Imp                       Summoning                    2
   c - Call Canine Familiar           Summoning                    3
   d - Summon Guardian Golem          Hexes/Summoning              4
   e - Summon Lightning Spire         Summoning/Air                4
   f - Summon Ice Beast               Ice/Summoning                4
Comestibles
 c - a meat ration
 g - a slice of pizza
 j - 2 chunks of flesh
 l - 3 bread rations


   Skills:
 + Level 0.6 Fighting
 + Level 3.4 Dodging
 + Level 3.1 Stealth
 + Level 4.3 Spellcasting
 + Level 5.5 Summonings
 + Level 0.1 Air Magic


You had 2 spell levels left.
You knew the following spells:

 Your Spells              Type           Power        Failure   Level  Hunger
a - Summon Small Mammal   Summ           ####         1%          1    None
b - Call Imp              Summ           ####....     1%          2    #......
c - Call Canine Familiar  Summ           ####....     4%          3    ###....
d - Summon Lightning Spi  Summ/Air       ###.....     45%         4    ####...


Dungeon Overview and Level Annotations

Branches:
Dungeon (6/15)
 Temple: D:4-7

Altars:
Kikubaaqudgha
The Shining One

Annotations:
D:5 Pikel


Innate Abilities, Weirdness & Mutations

You cannot wear armour.
You are incapable of wielding weapons or throwing items.
You have razor-sharp teeth.
You have supernaturally acute eyesight.
You are carnivorous and can eat meat at any time.
You cover ground quickly.
You are covered in fur (AC +1).
You have a slow metabolism.
Your paws have sharp claws that are effective at stabbing.


Message History

The slave is heavily wounded.
The slave misses you.
You scratch the slave.
The slave is heavily wounded.
The slave misses you.
You completely miss the slave.
The slave is heavily wounded.
The slave barely misses you.
You closely miss the slave.
The slave is severely wounded.
The slave hits you.
You closely miss the slave.
The slave is severely wounded.
The slave hits you.
* * * LOW HITPOINT WARNING * * *
You scratch the slave. Your bite misses the slave.
The slave is almost dead.
The slave hits you!
You die...
Kikubaaqudgha rasps: "You have failed me!
Welcome... death!"

#....###...##
#h.### #..###
#.## ##.###
###.# #..#.
##.#.## #....
#..p..#####...##
###p...........
# ##pCK#.......
#@#####..C....
### .##.## ## ..


You could see a hill giant, Pikel and 3 slaves.

Vanquished Creatures
  A bat (D:4)
1 creature vanquished.

Vanquished Creatures (collateral kills)
  A sky beast (D:6)
  A necrophage (D:6)
  An ogre (D:5)
  Blork the orc (D:5)
  2 scorpions
  A giant frog skeleton (D:5)
  A worker ant (D:6)
  4 adders
  A giant mite (D:5)
  3 worms (D:2)
  An ooze (D:1)
  3 giant cockroaches
  6 goblins
  10 hobgoblins
  6 jackals
  A quokka (D:2)
  A ball python (D:1)
  4 bats
  3 giant newts
  A jackal skeleton (D:6)
  8 kobolds
  A quokka zombie (D:5)
  6 rats
67 creatures vanquished.

Vanquished Creatures (others)
  A hound (D:6)
  15 bats
  20 quokkas
  16 rats
52 creatures vanquished.

Grand Total: 120 creatures vanquished

Notes
Turn   | Place    | Note
--------------------------------------------------------------
     0 | D:1      | spacemonkey, the Felid Summoner, began the quest for the Orb.
     0 | D:1      | Reached XP level 1. HP: 7/7 MP: 4/4
   380 | D:1      | Reached XP level 2. HP: 11/11 MP: 0/5
   393 | D:1      | Learned a level 2 spell: Call Imp
  1363 | D:2      | Reached XP level 3. HP: 8/14 MP: 2/8
  2307 | D:5      | Entered Level 5 of the Dungeon
  2325 | D:5      | Learned a level 3 spell: Call Canine Familiar
  2450 | D:5      | Noticed Blork the orc
  2476 | D:5      | Killed Blork the orc
  2476 | D:5      | Reached XP level 4. HP: 15/18 MP: 6/12
  2508 | D:5      | Noticed an ogre
  2511 | D:5      | Reached skill level 5 in Summonings
  2516 | D:5      | Killed an ogre
  2516 | D:5      | Reached XP level 5. HP: 21/21 MP: 2/14
  2550 | D:5      | Learned a level 4 spell: Summon Lightning Spire
  2640 | D:5      | Noticed Pikel
  2640 | D:5      | Noticed a slave
  2641 | D:5      | Noticed a slave
  2641 | D:5      | Noticed a slave
  2642 | D:5      | Noticed a slave
  2723 | D:6      | Noticed a sky beast
  2728 | D:6      | Found a glowing golden altar of the Shining One.
  2732 | D:6      | Slain by a sky beast
  2733 | D:6      | Reached XP level 4. HP: -2/18 MP: 0/14
  2764 | D:6      | Found an ancient bone altar of Kikubaaqudgha.
  2816 | D:6      | Killed a sky beast
  2816 | D:6      | Reached XP level 5. HP: 16/21 MP: 0/16
  2827 | D:6      | Became a worshipper of Kikubaaqudgha
  2952 | D:6      | Noticed a necrophage
  2971 | D:6      | Killed a necrophage
  3017 | D:5      | Noticed a hill giant
  3040 | D:5      | Slain by a slave

Action                   |  1- 3 |  4- 6 || total
-------------------------+-------+-------++-------
Melee: Unarmed           |     7 |    21 ||    28
 Cast: Summon Small Mamm |   124 |    55 ||   179
       Call Imp          |     5 |       ||     5
       Call Canine Famil |     2 |     8 ||    10
       Summon Lightning  |       |     1 ||     1
Evoke: Wand              |       |     1 ||     1
  Eat: Chunk             |     7 |     2 ||     9
